 Dungeon Crawl Stone Soup version 0.23-a0-208-gb6b040f (console) character file.

200407 nht the Deadly Accurate (level 17, -3/148 HPs)
             Began as a Minotaur Assassin on Sept 25, 2018.
             Was a High Priest of Okawaru.
             Slain by a spark wasp (16 damage)
             ... on level 4 of the Spider Nest.
             The game lasted 01:33:15 (31495 turns).

nht the Deadly Accurate (Minotaur Assassin)        Turns: 31495, Time: 01:33:16

Health: -3/148     AC: 27    Str: 22    XL:     17   Next: 87%
Magic:  21/21      EV: 12    Int:  8    God:    Okawaru [*****.]
Gold:   2807       SH: 16    Dex: 16    Spells: 16/16 levels left

rFire    . . .     SeeInvis +   a - +10 mace {elec, rElec MR+ SInv}
rCold    + . .     Gourm    .   z - +2 shield {reflect}
rNeg     . . .     Faith    .   T - +8 chain mail "Irikuxie" {rC+ Str+3}
rPois    +         Spirit   .   H - +0 hat "Guyl Fuc" {+Inv rElec MR+}
rElec    +         Reflect  +   x - +2 cloak of the Thief {+Fog Slay-2 SInv Stlth+}
rCorr    +         Harm     .   U - +2 pair of gloves {archery}
MR       ++++.                  V - +0 pair of boots
Stlth    ++........             c - amulet "Ysac" {MR+ Regen+}
HPRegen  0.74/turn              X - ring of resist corrosion
MPRegen  0.17/turn              Z - ring of poison resistance

@: very slightly contaminated
A: retaliatory headbutt, horns 2, low mp 1
}: 1/15 runes: barnacled
a: Heroism, Finesse, Renounce Religion, Evoke Fog, Evoke Invisibility


You were on level 4 of the Spider Nest.
You worshipped Okawaru.
Okawaru was extremely pleased with you.
You were hungry.

You visited 5 branches of the dungeon, and saw 31 of its levels.
You also visited: Ossuary and Ice Cave.

You collected 4044 gold pieces.
You spent 1237 gold pieces at shops.

Inventory:

Hand Weapons
 a - the +10 mace of Naish (weapon) {elec, rElec MR+ SInv}
   (You found it on level 4 of the Dungeon)

   Occasionally, upon striking a foe, it will discharge some electrical energy
   and cause terrible harm.
   It insulates you from electricity.
   It affects your resistance to hostile enchantments.
   It lets you see invisible.
 b - a +9 quick blade
Missiles
 d - 11 poisoned javelins
 f - 7 curare-tipped needles
 h - 50 tomahawks (quivered)
 j - 3 steel tomahawks
 s - 18 javelins
 G - 5 poisoned tomahawks
 J - 7 needles of confusion
 O - 3 javelins of returning
 P - 6 throwing nets
 R - 8 javelins of penetration
 W - 2 needles of sleeping
Armour
 x - the +2 cloak of the Thief (worn) {+Fog Slay-2 SInv Stlth+}
   (Okawaru gifted it to you on level 3 of the Shoals)

   It affects your accuracy and damage with ranged weapons and melee attacks
   (-2).
   It lets you see invisible.
   It makes you more stealthy.
 z - a +2 shield of reflection (worn)
 H - the +0 hat "Guyl Fuc" (worn) {+Inv rElec MR+}
   (Okawaru gifted it to you on level 2 of the Shoals)

   It insulates you from electricity.
   It affects your resistance to hostile enchantments.
   It lets you turn invisible.
 T - the +8 chain mail "Irikuxie" (worn) {rC+ Str+3}
   (You found it on level 6 of the Lair of Beasts)

   It affects your strength (+3).
   It protects you from cold.
 U - a +2 pair of gloves of archery (worn)
 V - a +0 pair of boots (worn)
Jewellery
 c - the amulet "Ysac" (around neck) {MR+ Regen+}
   (You acquired it on level 2 of the Shoals)

   [amulet of regeneration]

   It affects your resistance to hostile enchantments.
   It increases your rate of regeneration.
 I - an uncursed ring of protection from cold
 K - an uncursed ring of protection from fire
 X - a ring of resist corrosion (left hand)
 Z - a ring of poison resistance (right hand)
Wands
 e - a wand of iceblast (7)
 C - a wand of polymorph (11)
 Q - a wand of disintegration (10)
Scrolls
 l - 9 scrolls of fog
 m - 3 scrolls of identify
 n - 16 scrolls of remove curse
 o - 14 scrolls of teleportation
 r - a scroll of vulnerability
 u - 9 scrolls of magic mapping
 y - 5 scrolls of enchant weapon
 B - 4 scrolls of immolation
 F - 2 scrolls of blinking
 M - 2 scrolls of enchant armour
 Y - 2 scrolls of holy word
Potions
 i - 7 potions of resistance
 k - 7 potions of haste
 p - a potion of ambrosia
 t - 5 potions of agility
 v - 5 potions of heal wounds
 w - 8 potions of mutation
 A - 4 potions of cancellation
 D - 5 potions of might
 L - 7 potions of curing
 S - a potion of flight
Miscellaneous
 q - a lightning rod (4/4)
 E - a fan of gales
Comestibles
 g - 36 rations
 N - a chunk of flesh


   Skills:
 + Level 12.4 Fighting
 - Level 10.0 Short Blades
 - Level 14.0 Maces & Flails
 - Level 16.0 Throwing
 - Level 10.0 Armour
 - Level 6.0 Dodging
 + Level 8.8 Stealth
 - Level 15.0 Shields
 - Level 8.3 Invocations
 + Level 10.1 Evocations


You had 16 spell levels left.
You didn't know any spells.
Your spell library contained the following spells:

 Spells                   Type           Power        Failure   Level  Hunger
 Animate Skeleton         Necr           N/A          95%         1    ##.....
 Apportation              Tloc           #.....       95%         1    ##.....
 Confusing Touch          Hex            #.....       95%         1    ##.....
 Corona                   Hex            #......      95%         1    ##.....
 Magic Dart               Conj           #...         95%         1    ##.....
 Pain                     Necr           #...         95%         1    ##.....
 Summon Small Mammal      Summ           #...         95%         1    ##.....
 Corpse Rot               Necr           N/A          99%         2    ###....
 Ensorcelled Hibernation  Hex/Ice        #.....       99%         2    ###....
 Passwall                 Tmut/Erth      #.......     99%         2    ###....
 Searing Ray              Conj           #.....       99%         2    ###....
 Sublimation of Blood     Necr           #.........   99%         2    ###....
 Confuse                  Hex            #.......     100%        3    ####...
 Dazzling Spray           Conj/Hex       #.....       100%        3    ####...
 Gell's Gravitas          Tloc           #.........   100%        3    ####...
 Recall                   Summ/Tloc      N/A          100%        3    ####...
 Regeneration             Chrm/Necr      #.........   100%        3    ####...
 Stone Arrow              Conj/Erth      #.....       100%        3    ####...
 Tukima's Dance           Hex            #.......     100%        3    ####...
 Vampiric Draining        Necr           #.........   100%        3    ####...
 Animate Dead             Necr           N/A          100%        4    #####..
 Force Lance              Conj/Tloc      #.......     100%        4    #####..
 Fulminant Prism          Conj/Hex       #.........   100%        4    #####..
 Iskenderun's Mystic Bla  Conj           #.......     100%        4    #####..
 Leda's Liquefaction      Hex/Erth       #.........   100%        4    #####..
 Petrify                  Tmut/Erth      #.......     100%        4    #####..
 Sticky Flame             Conj/Fire      #.......     100%        4    #####..
 Agony                    Necr           #.......     100%        5    ######.
 Bolt of Draining         Conj/Necr      #.........   100%        5    ######.
 Borgnjor's Vile Clutch   Necr/Erth      #.........   100%        5    ######.
 Dispel Undead            Necr           #.......     100%        5    ######.
 Excruciating Wounds      Chrm/Necr      #.........   100%        5    ######.
 Metabolic Englaciation   Hex/Ice        #.........   100%        5    ######.
 Summon Forest            Summ/Tloc      #.........   100%        5    ######.
 Yara's Violent Unravell  Hex/Tmut       #.........   100%        5    ######.
 Bolt of Fire             Conj/Fire      #.........   100%        6    #######
 Death Channel            Necr           #.........   100%        6    #######
 Freezing Cloud           Conj/Ice/Air   #.........   100%        6    #######
 Hydra Form               Tmut           #.........   100%        6    #######
 Simulacrum               Ice/Necr       #.........   100%        6    #######
 Summon Hydra             Summ           #.........   100%        7    #######


Dungeon Overview and Level Annotations

Branches:
Dungeon (15/15)            Temple (0/1) D:4            Lair (6/6) D:11
 Shoals (4/4) Lair:4       Spider (4/4) Lair:4        Slime (0/5) Lair:6
    Orc (2/2) D:10            Elf (0/3) Orc:2        Vaults (0/5) D:13
 Depths (0/5) D:15

Altars:
Gozag
Kikubaaqudgha
Okawaru
Sif Muna
Uskayaw
The Shining One
Beogh

Shops:
D:4 %[[(   D:7 }   D:11 }!*   D:14 =   Orc:2 }:[(

Annotations:
D:3 Grinder


Innate Abilities, Weirdness & Mutations

You reflexively headbutt those who attack you in melee.
You have a pair of horns on your head.
Your magical capacity is low. (-10% MP)


Message History

* * * LOW HITPOINT WARNING * * *
You block the wolf spider's attack.
You are too injured to fight recklessly!
You hit the spark wasp but do no damage.
Your headbutt misses the spark wasp.
The spark wasp is severely wounded.
The wolf spider hits you but does no damage.
You block the wolf spider's attack.
The spark wasp stings you but does no damage.
You hit the spark wasp but do no damage.
The spark wasp is severely wounded.
You block the wolf spider's attack. The wolf spider bites you.
* * * LOW HITPOINT WARNING * * *
The spark wasp bursts into living lightning!
The living lightning misses you. The living lightning hits you! You resist.
* * * LOW HITPOINT WARNING * * *
The spark wasp blinks!
You block the wolf spider's attack. The wolf spider completely misses you.
The spark wasp stings you!
You die...

█..........
█.........█
█........^.
█..........
█..........
█........█
█..s.....██
█..@y(.....
█^./██(....
█..... ...
█.....█ .
██..███
..!. ...█
██..█ █..█


You could see a spark wasp and a wolf spider.

Vanquished Creatures
  Saint Roka (Orc:2)
  Polyphemus (Shoals:3)
  2 krakens (Shoals:1)
  Agnes (Spider:1)
  An azure jelly (Shoals:3)
  Louise (Spider:1)
  An orc warlord (Orc:2)
  2 ghost moths (Spider:3)
  3 emperor scorpions
  2 entropy weavers
  A white draconian (IceCv)
  An ettin (D:13)
  Josephine (D:12)
  3 merfolk impalers (Shoals:4)
  2 fire dragons (Lair:6)
  2 merfolk javelineers (Shoals:4)
  4 hydras
  An ice dragon (Orc:2)
  Fannar (Lair:2)
  A merfolk avatar (Shoals:3)
  3 centaur warriors
  An ogre mage (D:15)
  A catoblepas (Shoals:3)
  An alligator snapping turtle (Shoals:4)
  8 two-headed ogres
  4 merfolk aquamancers
  7 death yaks
  Urug (Lair:5)
  A satyr (Shoals:4)
  A queen ant (Lair:3)
  An orc high priest (Orc:2)
  Nergalle (Lair:1)
  A fire crab (Lair:3)
  An iron troll (D:13)
  4 skeletal warriors
  A death drake (shapeshifter) (D:15)
  8 sea snakes
  2 wizards (D:15)
  A swamp dragon (Lair:6)
  Pikel (D:4)
  2 unseen horrors (D:15)
  3 lindwurms
  13 wolf spiders
  17 harpies
  An orc knight (Orc:2)
  A deep elf mage (D:11)
  4 cyclopes
  3 orc sorcerers
  11 fauns
  2 moths of wrath (Spider:1)
  11 orb spiders
  11 ugly things
  9 manticores
  21 elephants
  Joseph (D:7)
  3 black mambas
  A naga mage (D:15)
  An ice statue (IceCv)
  10 water nymphs
  3 merfolk sirens
  A gargoyle (D:13)
  10 spiny frogs
  6 torpor snails
  7 rime drakes
  4 centaur skeletons
  5 komodo dragons
  10 demonic crawlers
  17 jumping spiders
  3 tyrant leeches (Lair:6)
  18 merfolk
  11 hornets
  3 trolls
  21 polar bears
  A meliai (shapeshifter) (D:13)
  3 meliai (D:12)
  7 wind drakes
  16 blink frogs
  8 slime creatures
  Prince Ribbit (D:6)
  12 snapping turtles
  11 hippogriffs
  A shadow (D:12)
  22 tarantellas
  14 water elementals
  45 redbacks
  5 wraiths (D:12)
  2 humans
  83 yaks
  4 wyverns
  4 basilisks
  A human (shapeshifter) (D:14)
  5 hungry ghosts
  A steam dragon (Lair:6)
  3 wargs
  9 vampire mosquitoes
  2 acid dragons
  5 soldier ants (Lair:3)
  14 water moccasins
  8 porcupines
  39 orc warriors
  Duvessa (D:7)
  A swamp drake (Lair:6)
  A slave (D:3)
  3 ice beasts
  A black bear (D:9)
  A sky beast (D:5)
  A phantom (D:7)
  10 ogres
  37 wolves
  12 centaurs
  10 crocodiles
  2 big kobolds
  18 bullfrogs
  A gnoll sergeant (Orc:2)
  A wyvern zombie (D:12)
  Dowan (D:7)
  4 scorpions
  A wyvern skeleton (D:13)
  A water moccasin skeleton (D:6)
  12 wights
  4 electric eels
  6 howler monkeys
  6 crimson imps
  3 bullfrog zombies (Ossuary)
  6 centaur zombies
  7 jellies
  A quasit (D:7)
  8 hounds
  Crazy Yiuf (D:4)
  2 bullfrog skeletons
  30 orc priests
  41 orc wizards
  6 iguanas
  Natasha (thrice) (D:3)
  18 mummies (Ossuary)
  15 worker ants
  A killer bee zombie (Ossuary)
  2 hound zombies
  Robin (D:4)
  8 gnolls
  12 adders
  2 shadow imps
  3 oozes (Lair:6)
  An adder skeleton (D:5)
  5 adder zombies
  4 worms
  6 dart slugs
  4 leopard geckos
  109 orcs
  4 giant cockroaches
  17 goblins
  11 hobgoblins
  14 jackals
  5 quokkas
  4 ball pythons
  8 bats
  10 frilled lizards
  A jackal skeleton (D:6)
  A jackal zombie (D:8)
  19 kobolds
  2 leopard gecko zombies
  An orc zombie (D:8)
  2 quokka skeletons (D:4)
  7 rats
  A plant (Shoals:4)
  5 tentacles (Shoals:1)
1197 creatures vanquished.

Vanquished Creatures (collateral kills)
  A death drake (Shoals:2)
  A blink frog (Lair:3)
2 creatures vanquished.

Vanquished Creatures (others)
  A spiny frog (Lair:6)
  A komodo dragon (Lair:6)
  A merfolk (Shoals:4)
  A snapping turtle (Shoals:4)
  2 yaks
  A slave (D:4)
  A wolf (IceCv)
  2 butterflies (Lair:6)
  5 fungi
  18 plants
  12 tentacles (Shoals:1)
  A withered plant (Ossuary)
46 creatures vanquished.

Grand Total: 1245 creatures vanquished

Notes
Turn   | Place    | Note
-------+----------+-------------------------------------------
     0 | D:1      | nht the Minotaur Assassin began the quest for the Orb.
     0 | D:1      | Reached XP level 1. HP: 18/18 MP: 0/0
    91 | D:1      | Reached XP level 2. HP: 25/25 MP: 1/1
   467 | D:2      | Reached XP level 3. HP: 30/30 MP: 2/2
   788 | D:2      | Reached XP level 4. HP: 35/37 MP: 3/3
   887 | D:2      | Reached skill level 5 in Short Blades
  1434 | D:3      | Noticed Natasha
  1442 | D:3      | Killed Natasha
  1452 | D:3      | Noticed Natasha
  1458 | D:3      | Killed Natasha
  1458 | D:3      | Reached XP level 5. HP: 31/42 MP: 4/4
  1644 | D:3      | Noticed Grinder
  1669 | D:3      | Noticed Natasha
  1682 | D:3      | Killed Natasha
  1773 | D:3      | Found a deep blue altar of Sif Muna.
  1960 | D:3      | Noticed a sky beast
  2552 | D:4      | Noticed Pikel
  2552 | D:4      | Noticed a slave
  2552 | D:4      | Noticed a slave
  2552 | D:4      | Noticed a slave
  2552 | D:4      | Noticed a slave
  2564 | D:3      | Killed a slave
  2690 | D:4      | Found Zaseoqeq's Antique Armour Shop.
  2705 | D:4      | Bought a spiked ring mail for 162 gold pieces
  2705 | D:4      | Bought a pair of glowing gloves for 135 gold pieces
  2720 | D:4      | Identified the +2 ring mail "Wayruneu" {*Contam +Blink
                  | rF+++ Slay+6} (You bought it in a shop on level 4 of the
                  | Dungeon)
  2741 | D:4      | Found Apuottiz's Food Shoppe.
  2788 | D:4      | Found a runed door.
  2811 | D:4      | Killed Pikel
  2811 | D:4      | Reached XP level 6. HP: 47/50 MP: 5/5
  2811 | D:4      | Reached XP level 7. HP: 53/56 MP: 6/6
  2852 | D:4      | Found Ociwij's Armour Shop.
  2938 | D:4      | Found an iron altar of Okawaru.
  2938 | D:4      | Found a glowing golden altar of the Shining One.
  2939 | D:4      | Found an opulent altar of Gozag.
  2945 | D:4      | Became a worshipper of Warmaster Okawaru
  2978 | D:4      | Noticed Robin
  2993 | D:4      | Killed Robin
  3086 | D:4      | Got an encrusted mace
  3244 | D:4      | Found Fiubaicw's Antique Weapon Boutique.
  3386 | D:4      | Found a staircase to the Ecumenical Temple.
  3536 | D:4      | Noticed Crazy Yiuf
  3540 | D:4      | Killed Crazy Yiuf
  3560 | D:5      | Entered Level 5 of the Dungeon
  3595 | D:5      | Reached skill level 10 in Short Blades
  3640 | D:5      | Identified the +10 mace of Naish {elec, rElec MR+ SInv}
                  | (You found it on level 4 of the Dungeon)
  3764 | D:5      | Reached skill level 1 in Maces & Flails
  4006 | D:5      | Reached XP level 8. HP: 53/62 MP: 7/7
  4480 | D:6      | Reached skill level 5 in Maces & Flails
  4509 | D:6      | Noticed Prince Ribbit
  4510 | D:6      | Reached * piety under Okawaru
  4515 | D:6      | Killed Prince Ribbit
  4655 | D:6      | Reached ** piety under Okawaru
  4655 | D:6      | Reached XP level 9. HP: 34/68 MP: 8/8
  5035 | D:7      | Noticed Joseph
  5042 | D:7      | Killed Joseph
  5042 | D:7      | Reached skill level 10 in Maces & Flails
  5080 | D:7      | Noticed Duvessa
  5081 | D:7      | Noticed Dowan
  5086 | D:7      | Killed Duvessa
  5093 | D:7      | Killed Dowan
  5093 | D:7      | Reached *** piety under Okawaru
  5424 | D:7      | Found Piazyafu's Gadget Shop.
  5493 | D:7      | Reached XP level 10. HP: 60/74 MP: 9/9
  5583 | D:7      | Reached **** piety under Okawaru
  5904 | D:8      | Found an ancient bone altar of Kikubaaqudgha.
  5904 | D:8      | Found a hide-covered altar of Uskayaw.
  6000 | D:8      | Got a transparent plate armour
  6034 | D:8      | Found a sand-covered staircase.
  6045 | Ossuary  | Entered an ossuary
  6322 | Ossuary  | Identified the +7 plate armour "Urograumm" {*Slow rN+++
                  | rCorr Stlth+} (You found it on level 8 of the Dungeon)
  7038 | D:9      | Reached skill level 3 in Throwing
  7049 | D:9      | Reached skill level 4 in Throwing
  7143 | D:9      | Reached ***** piety under Okawaru
  7143 | D:9      | Reached skill level 5 in Throwing
  7337 | D:9      | Reached skill level 6 in Throwing
  7435 | D:9      | Identified Hic Geine's Reference Book on Hurtful Snow
  7495 | D:9      | Received a gift from Okawaru
  7618 | D:10     | Entered Level 10 of the Dungeon
  7650 | D:10     | Reached skill level 7 in Throwing
  7686 | D:10     | Reached XP level 11. HP: 41/80 MP: 10/10
  7721 | D:9      | Noticed a two-headed ogre
  7730 | D:9      | Killed a two-headed ogre
  7730 | D:9      | Received a gift from Okawaru
  7730 | D:9      | Reached skill level 8 in Throwing
  8000 | D:10     | Reached skill level 9 in Throwing
  8491 | D:10     | Received a gift from Okawaru
  8630 | D:10     | Found a staircase to the Orcish Mines.
  8656 | D:10     | Reached ****** piety under Okawaru
  8656 | D:10     | Reached skill level 10 in Throwing
  8895 | D:11     | Reached skill level 1 in Armour
  8927 | D:11     | Found Weuph's Distillery.
  8935 | D:11     | Bought a potion of resistance for 160 gold pieces
  8935 | D:11     | Bought a potion of heal wounds for 80 gold pieces
  8935 | D:11     | Bought a potion of haste for 160 gold pieces
  8935 | D:11     | Bought a potion of heal wounds for 80 gold pieces
  8935 | D:11     | Bought a potion of resistance for 160 gold pieces
  8953 | D:11     | Noticed a deep elf mage
  8966 | D:11     | Reached skill level 1 in Invocations
  8998 | D:11     | Found a staircase to the Lair.
  9077 | D:11     | Received a gift from Okawaru
  9085 | D:11     | Killed a deep elf mage
  9086 | D:11     | Got a slimy chain mail {god gift}
  9142 | D:11     | Identified the +7 chain mail of Jaogefis {Str+6} (Okawaru
                  | gifted it to you on level 11 of the Dungeon)
  9240 | D:11     | Found Wamiam's Gadget Boutique.
  9306 | D:11     | Noticed a white ugly thing
  9388 | Lair:1   | Entered Level 1 of the Lair of Beasts
  9772 | Lair:1   | Reached skill level 11 in Throwing
  9773 | Lair:1   | Reached XP level 12. HP: 57/92 MP: 13/13
  9895 | Lair:1   | Noticed Nergalle
  9904 | Lair:1   | Killed Nergalle
 10049 | Lair:1   | Received a gift from Okawaru
 10050 | Lair:1   | Got a fine great mace {god gift}
 10106 | Lair:1   | Identified the +2 great mace of Rutuamm {flame, rPois rF+}
                  | (Okawaru gifted it to you on level 1 of the Lair of Beasts)
 10401 | Lair:2   | Reached skill level 5 in Fighting
 10410 | Lair:2   | Reached skill level 1 in Evocations
 10931 | Lair:2   | Received a gift from Okawaru
 10989 | Lair:2   | Noticed Fannar
 11004 | Lair:2   | Killed Fannar
 11004 | Lair:2   | Reached skill level 5 in Armour
 11284 | Lair:3   | Reached skill level 5 in Dodging
 11540 | Lair:3   | Noticed a queen ant
 11559 | Lair:3   | Killed a queen ant
 11559 | Lair:3   | Received a gift from Okawaru
 11559 | Lair:3   | Reached skill level 12 in Throwing
 11745 | Lair:3   | Noticed a death yak
 11745 | Lair:3   | Noticed a death yak
 11746 | Lair:3   | Noticed a death yak
 11757 | Lair:3   | Killed a death yak
 11767 | Lair:3   | Killed a death yak
 11773 | Lair:3   | Killed a death yak
 11908 | Lair:3   | Reached skill level 5 in Invocations
 11908 | Lair:3   | Reached XP level 13. HP: 54/103 MP: 15/15
 12525 | Lair:4   | Received a gift from Okawaru
 12710 | Lair:4   | Reached skill level 1 in Shields
 13005 | Lair:4   | Found a staircase to the Shoals.
 13079 | Lair:4   | Found a hole to the Spider Nest.
 14052 | Lair:5   | Reached skill level 13 in Throwing
 14077 | Lair:5   | Noticed Urug
 14091 | Lair:5   | Killed Urug
 14391 | Lair:6   | Entered Level 6 of the Lair of Beasts
 14433 | Lair:6   | Received a gift from Okawaru
 14454 | Lair:6   | Got a jewelled rapier {god gift}
 14478 | Lair:6   | Reached skill level 5 in Shields
 14676 | Lair:6   | Found a staircase to the Slime Pits.
 14701 | Lair:6   | Received a gift from Okawaru
 14707 | Lair:6   | Reached XP level 14. HP: 83/113 MP: 18/18
 14987 | Lair:6   | Received a gift from Okawaru
 15011 | Lair:6   | Identified the +4 rapier of Lelish {pierce, rPois Int+7
                  | Dex-4} (Okawaru gifted it to you on level 6 of the Lair of
                  | Beasts)
 15122 | Lair:6   | Reached skill level 14 in Throwing
 15311 | Lair:6   | Found a runed door.
 15441 | Lair:6   | Got a smoking chain mail
 15531 | Lair:6   | Identified the +8 chain mail "Irikuxie" {rC+ Str+3} (You
                  | found it on level 6 of the Lair of Beasts)
 15666 | Lair:6   | Paralysed by a hornet for 1 turns
 16148 | Lair:6   | Gained mutation: Your magical capacity is low. (-10% MP)
                  | [mutagenic glow]
 16340 | D:11     | Found Tuanobur's Assorted Antiques.
 16348 | D:11     | Bought a scroll of fog for 48 gold pieces
 16348 | D:11     | Bought a scroll of magic mapping for 84 gold pieces
 16577 | D:7      | Got a translucent ring mail
 16588 | D:7      | Identified the +2 ring mail of Vitirch {rElec Regen+} (You
                  | found it on level 7 of the Dungeon)
 16735 | Orc:1    | Entered Level 1 of the Orcish Mines
 16888 | Orc:2    | Entered Level 2 of the Orcish Mines
 16928 | Orc:2    | Found a roughly hewn altar of Beogh.
 16929 | Orc:2    | Found Fuheutt's Book Boutique.
 17054 | Orc:2    | Found a staircase to the Elven Halls.
 17133 | Orc:2    | Found a frozen archway.
 17157 | Orc:2    | Received a gift from Okawaru
 17165 | Orc:2    | Reached skill level 10 in Shields
 17186 | IceCv    | Entered an ice cave
 17415 | IceCv    | Identified the Incunabulum of Mutagenic Dark Rites
 17460 | IceCv    | Received a gift from Okawaru
 17606 | IceCv    | Reached skill level 15 in Throwing
 18185 | Orc:2    | Found a roughly hewn altar of Beogh.
 18509 | Orc:1    | Found a roughly hewn altar of Beogh.
 18900 | Orc:2    | Found a roughly hewn altar of Beogh.
 18955 | Orc:2    | Noticed an orc warlord
 18960 | Orc:2    | Reached XP level 15. HP: 118/118 MP: 17/17
 18972 | Orc:2    | Killed an orc warlord
 18972 | Orc:2    | Received a gift from Okawaru
 19088 | Orc:2    | Found a roughly hewn altar of Beogh.
 19145 | Orc:2    | Found Muares's Gadget Boutique.
 19255 | Orc:2    | Noticed Saint Roka
 19299 | Orc:2    | Killed Saint Roka
 19318 | Orc:2    | Found Vubi's Antique Weapon Emporium.
 19320 | Orc:2    | Found a roughly hewn altar of Beogh.
 19325 | Orc:2    | Found Waefu's Antique Armour Shoppe.
 19393 | Orc:2    | Bought a shimmering dagger for 168 gold pieces
 19393 | Orc:2    | Identified the +4 dagger "Trog's Hatred" {antimagic, *Slow
                  | rPois Stlth+} (You bought it in a shop on level 2 of the
                  | Orcish Mines)
 19739 | D:12     | Noticed Josephine
 19751 | D:12     | Killed Josephine
 20014 | D:12     | Reached skill level 16 in Throwing
 20665 | D:13     | Received a gift from Okawaru
 21166 | D:13     | Found a gate to the Vaults.
 21171 | D:13     | Identified the +4 leather armour of the Dozen Scars {rPois
                  | rF- Str+2 Int+2} (You found it on level 13 of the Dungeon)
 21447 | D:14     | Found Zoafeuz's Jewellery Shoppe.
 21943 | D:15     | Entered Level 15 of the Dungeon
 22325 | D:15     | Reached skill level 5 in Evocations
 22330 | D:15     | Received a gift from Okawaru
 22379 | D:15     | Found a staircase to the Depths.
 22516 | D:15     | Reached XP level 16. HP: 98/128 MP: 18/18
 23023 | Shoals:1 | Entered Level 1 of the Shoals
 23027 | Shoals:1 | Received a gift from Okawaru
 23027 | Shoals:1 | Noticed a kraken
 23061 | Shoals:1 | Killed a kraken
 23116 | Shoals:1 | Got a twisted dagger {god gift}
 23136 | Shoals:1 | Identified the +7 dagger of Mutualism {flame, Fragile +Inv
                  | Str-3 Int+7} (Okawaru gifted it to you on level 1 of the
                  | Shoals)
 23367 | Shoals:1 | Received a gift from Okawaru
 23781 | Shoals:1 | Noticed a kraken
 23802 | Shoals:1 | Killed a kraken
 24252 | Shoals:2 | Received a gift from Okawaru
 24253 | Shoals:2 | Identified the +0 hat "Guyl Fuc" {+Inv rElec MR+} (Okawaru
                  | gifted it to you on level 2 of the Shoals)
 24551 | Shoals:2 | Reached skill level 15 in Shields
 24580 | Shoals:2 | Identified a scroll of acquirement
 24581 | Shoals:2 | Identified the amulet "Ysac" {MR+ Regen+} (You acquired it
                  | on level 2 of the Shoals)
 25518 | Shoals:3 | Reached skill level 5 in Stealth
 25823 | Shoals:3 | Noticed Polyphemus
 25855 | Shoals:3 | Killed Polyphemus
 25980 | Shoals:4 | Entered Level 4 of the Shoals
 26580 | Shoals:3 | Received a gift from Okawaru
 26581 | Shoals:3 | Found the +2 cloak of the Thief {+Fog Slay-2 SInv Stlth+}
 27039 | Shoals:4 | Reached skill level 10 in Armour
 27294 | Shoals:4 | Got a faintly glowing copper ring
 27295 | Shoals:4 | Identified the ring of Bohozaw {rElec rPois Str-4 Int+5}
                  | (You found it on level 4 of the Shoals)
 27445 | Shoals:4 | Reached skill level 10 in Fighting
 27562 | Shoals:4 | Reached XP level 17. HP: 140/140 MP: 19/19
 28306 | Shoals:4 | Got a barnacled rune of Zot
 28483 | Spider:1 | Entered Level 1 of the Spider Nest
 28491 | Spider:1 | Noticed Louise
 28503 | Spider:1 | Killed Louise
 28765 | Spider:1 | Noticed Agnes
 28780 | Spider:1 | Killed Agnes
 29057 | Spider:1 | Received a gift from Okawaru
 29518 | Spider:2 | Received a gift from Okawaru
 30897 | Spider:3 | Reached skill level 10 in Evocations
 31405 | Spider:4 | Entered Level 4 of the Spider Nest
 31495 | Spider:4 | Slain by a spark wasp

Vault maps used:
D:1:      lightli_molten_gateway, st_stairs_6
D:2:      wad_crossroads
D:3:      led_sif_pool, first_ration, lightli_corner_chamber, uniq_natasha,
          uniq_grinder
D:4:      kennysheep_spiral_hall, gammafunk_temple_overflow_claw,
          minmay_temple_entry_overgrown, serial_shops, shop_statue, shop_coins,
          nicolae_shop_crystal, nicolae_shop_window_shopping, uniq_pikel,
          uniq_robin, uniq_crazy_yiuf_cottage
D:6:      uniq_prince_ribbit1
D:7:      serial_shops, nicolae_shop_behind_doors, uniq_joseph, uniq_duvessa
D:8:      chequers_temple_overflow_statue_of_worship, enter_ossuary_3
D:9:      hangedman_fish_farm
D:10:     orc_0_dummy, fountainhead
D:11:     minmay_lair_entry_grove, serial_shops, shop, shop_statue, shop
D:12:     minivault_27, uniq_josephine
D:13:     david_vaults_4
D:14:     serial_shops, shop, nicolae_water_bricks, spider_trap
D:15:     grunt_enter_depths_magical_seal, serial_park_tiny_1
Lair:1:   minivault_24, uniq_nergalle
Lair:2:   uniq_fannar
Lair:3:   wad_woods_antlair, serial_bayou_shore_a, grunt_megastairs_5
Lair:4:   minmay_shoals_entry_hut, dummy_spider_entry
Lair:5:   st_stairs_7, lemuel_fruit_tree, uniq_urug
Lair:6:   guppyfry_lair_end_dragon, wormcave, nicolae_slime_entry_slimehenge,
          eino_small_chamber_without_monster, lemuel_fruit_fields
Shoals:3: uniq_polyphemus
Shoals:4: shoals_end_hangedman
Spider:1: uniq_agnes, uniq_louise
Spider:4: grunt_spider_rune_parallel
Orc:1:    basic_altar
Orc:2:    grunt_orc_community_town_hall, grunt_orc_community_big_house_2,
          grunt_orc_community_big_house_1, grunt_orc_community_house_3,
          grunt_orc_community_house_3, grunt_orc_community_house_3,
          grunt_orc_community_house_3, grunt_orc_community_house_3,
          grunt_orc_community_house_1, portal_ice_cave_entry_animals_and_master
Ossuary:  ossuary_zaba_flooded
IceCv:    ice_cave_caverns_02

Skill      XL: |  1  2  3  4  5  6  7  8  9 10 11 12 13 14 15 16 17 |
---------------+----------------------------------------------------+-----
Short Blades   | 3 4 5 9 10 | 10.0
Maces & Flails | 2 9 13 14 | 14.0
Throwing       | 7 11 12 13 15 16 | 16.0
Armour         | 3 6 7 8 10 | 10.0
Invocations    | 3 5 7 8 |  8.3
Fighting       | 4 6 7 8 10 12 | 12.4
Dodging        | 3 5 6 |  6.0
Evocations     | 3 4 5 8 10 | 10.1
Shields        | 6 11 14 15 | 15.0
Stealth        | 6 8 |  8.8

Action                   |  1- 3 |  4- 6 |  7- 9 | 10-12 | 13-15 | 16-18 || total
-------------------------+-------+-------+-------+-------+-------+-------++-------
Melee: Dagger            |    81 |   113 |    42 |       |       |   171 ||   407
       Headbutt          |    17 |    23 |    28 |    98 |   306 |   305 ||   777
       Mace              |       |       |   125 |   479 |  1307 |   637 ||  2548
       Punch             |       |       |       |     3 |       |       ||     3
       Quick blade       |       |       |       |       |       |   386 ||   386
Throw: Javelin           |       |       |     1 |     6 |    69 |    73 ||   149
       Tomahawk          |       |       |       |     7 |   294 |   341 ||   642
Invok: Heroism           |       |       |       |     3 |     3 |     1 ||     7
       Finesse           |       |       |       |       |     7 |     8 ||    15
 Abil: Evoke Invisibilit |       |       |       |       |       |    16 ||    16
       Evoke Fog         |       |       |       |       |       |     1 ||     1
Evoke: Wand              |       |       |    45 |    58 |    41 |    54 ||   198
       Lightning rod     |       |       |       |       |     4 |       ||     4
       Sack of spiders   |       |       |       |       |       |     2 ||     2
       Fan of gales      |       |       |       |       |       |     1 ||     1
       Phantom mirror    |       |       |       |       |       |     1 ||     1
  Use: Scroll            |     5 |     6 |     4 |    21 |     9 |    17 ||    62
       Potion            |       |       |     1 |       |       |    10 ||    11
 Stab: Sleeping          |     5 |     7 |     5 |     3 |       |     2 ||    22
       Distracted        |       |     1 |       |       |     2 |       ||     3
       Paralysed         |       |       |     1 |     7 |     6 |       ||    14
       Invisible         |       |       |       |       |       |    72 ||    72
       Petrified         |       |       |       |       |       |     2 ||     2
       Held in net/web   |       |       |       |       |       |     2 ||     2
  Eat: Chunk             |       |     6 |    10 |    21 |    33 |    25 ||    95
       Ration            |       |       |       |     1 |     1 |     3 ||     5
Armor: Robe              |    13 |    10 |       |       |       |       ||    23
       Scale mail        |       |     2 |       |       |       |       ||     2
       Ring mail         |       |     1 |    37 |   111 |    63 |       ||   212
       Skin              |       |       |    13 |       |       |       ||    13
       Chain mail        |       |       |       |       |   261 |   400 ||   661
Dodge: Dodged            |    51 |    43 |    53 |   161 |   283 |   326 ||   917
       Deflected         |       |       |     5 |    15 |    15 |    10 ||    45
Block: Shield            |       |       |       |       |   639 |   768 ||  1407
       Reflection        |       |       |       |       |    21 |    33 ||    54

Table legend:
 A = Non-vault XP
 B = Vault XP
 C = Vault XP percentage of total XP
 D = Non-vault monster count
 E = Vault monster count
 F = Vault count percentage of total count
                 A         B        C        D         E       F
            +---------+---------+-------+---------+---------+-------
      Total |  191932 |   89086 |  31.7 |     868 |     329 |  27.5
            +---------+---------+-------+---------+---------+-------
        D:1 |      32 |       5 |  13.5 |      18 |       2 |  10.0
        D:2 |      89 |       9 |   9.2 |      35 |       4 |  10.3
        D:3 |     156 |      35 |  18.3 |      25 |       1 |   3.8
        D:4 |     123 |     789 |  86.5 |      14 |      17 |  54.8
        D:5 |     455 |       0 |   0.0 |      15 |       0 |   0.0
        D:6 |    1231 |     264 |  17.7 |      26 |       1 |   3.7
        D:7 |    2001 |     697 |  25.8 |      46 |       3 |   6.1
        D:8 |     463 |       2 |   0.4 |       8 |       2 |  20.0
        D:9 |    3094 |     301 |   8.9 |      24 |       1 |   4.0
       D:10 |    4391 |       0 |   0.0 |      30 |       0 |   0.0
       D:11 |    2866 |    2445 |  46.0 |      22 |      13 |  37.1
       D:12 |    6615 |    2158 |  24.6 |      38 |       6 |  13.6
       D:13 |    7085 |    2760 |  28.0 |      34 |       4 |  10.5
       D:14 |    5583 |       0 |   0.0 |      22 |       0 |   0.0
       D:15 |   10668 |    7974 |  42.8 |      22 |      11 |  33.3
     Lair:1 |    4171 |     800 |  16.1 |      16 |       1 |   5.9
     Lair:2 |    4363 |     976 |  18.3 |      19 |       1 |   5.0
     Lair:3 |    3464 |    5267 |  60.3 |      16 |      23 |  59.0
     Lair:4 |    7053 |     259 |   3.5 |      31 |       1 |   3.1
     Lair:5 |    7525 |     859 |  10.2 |      27 |       1 |   3.6
     Lair:6 |   16392 |   11246 |  40.7 |      54 |      35 |  39.3
   Shoals:1 |   22060 |       0 |   0.0 |      43 |       0 |   0.0
   Shoals:2 |    9810 |       0 |   0.0 |      23 |       0 |   0.0
   Shoals:3 |   10168 |    6792 |  40.0 |      18 |       6 |  25.0
   Shoals:4 |    5294 |   15883 |  75.0 |      13 |      28 |  68.3
   Spider:1 |   16177 |    3583 |  18.1 |      42 |       2 |   4.5
   Spider:2 |   13042 |       0 |   0.0 |      37 |       0 |   0.0
   Spider:3 |   18691 |       0 |   0.0 |      43 |       0 |   0.0
   Spider:4 |    2697 |       0 |   0.0 |      12 |       0 |   0.0
      Orc:1 |    2545 |       0 |   0.0 |      45 |       0 |   0.0
      Orc:2 |    3628 |   12877 |  78.0 |      50 |      84 |  62.7
    Ossuary |       0 |     811 | 100.0 |       0 |      28 | 100.0
      IceCv |       0 |   12294 | 100.0 |       0 |      54 | 100.0
            +---------+---------+-------+---------+---------+-------
